 Dungeon Crawl Stone Soup version 0.31.0-11-ge490571c62 (webtiles) character file.

Game seed: 5392364886741172885

26 qw the Shooter (level 2, 0/16 HPs)
             Began as a Deep Elf Hunter on Feb 4, 2024.
             Slain by Terence
             ... wielding a +2 mace of protection
              (9 damage)
             ... on level 2 of the Dungeon.
             The game lasted 00:00:04 (472 turns).

qw the Shooter (Deep Elf Hunter)                     Turns: 472, Time: 00:00:04

Health: 0/16       AC:  3    Str:  8    XL:     2   Next: 89%
Magic:  4/4        EV: 12    Int: 13    God:
Gold:   54         SH:  0    Dex: 18    Spells: 1/1 levels left

rFire   . . .        a - +0 shortbow
rCold   . . .        (shield currently unavailable)
rNeg    . . .        c - +0 leather armour
rPois   .            (no helmet)
rElec   .            (no cloak)
rCorr   .            (no gloves)
SInv    .            (no boots)
Will    .....        (no amulet)
Stlth   ++           (no ring)
HPRegen 0.22/turn    (no ring)
MPRegen 0.09/turn

%: no passive effects
@: no status effects
A: no striking features
a: no special abilities


You were on level 2 of the Dungeon.
You visited 1 branch of the dungeon, and saw 2 of its levels.

You collected 54 gold pieces.


   Skills:
 - Level 1.5 Fighting
 + Level 6.6 Ranged Weapons
 - Level 2.4 Dodging
 - Level 1.2 Stealth


You had one spell level left.
You didn't know any spells.
Your spell library was empty.

Inventory:

Hand Weapons
 a - a +0 shortbow (weapon)
Armour
 c - a +0 leather armour (worn)
Scrolls
 g - a scroll of teleportation

Dungeon Overview and Level Annotations

Branches:
Dungeon (2/15)

Altars:

Annotations:
D:2 Terence


Message History

Done exploring.
What level of the Dungeon? (default 2, ? - help)
You swap places.
You swap places.
Things that are here:
a +0 dagger; 3 stones
There is a stone staircase leading down here.
You climb downwards.
Your summoned ally is left behind.
There is a stone staircase leading up here.
Waypoint 1 assigned to D:2.
A kobold comes into view. It is wielding a +0 dagger.
You shoot an arrow. The arrow hits the kobold!
You kill the kobold!
You open the door.
Terence and a bat come into view.
Terence is wielding a +2 mace of protection.
Found a falchion.
You shoot an arrow. The arrow hits the bat!
You kill the bat!
Terence shouts!
You shoot an arrow.
The arrow hits Terence but does no damage.
You shoot an arrow. The arrow closely misses Terence.
You shoot an arrow. The arrow hits Terence.
Terence is moderately wounded.
Terence misses you.
You shoot an arrow. The arrow barely misses Terence.
Terence hits you with a +2 mace of protection!
Ouch! That really hurt!
You shoot an arrow.
The arrow hits Terence but does no damage.
Terence is moderately wounded.
Terence shouts, "Get ready for death!"
Terence barely misses you.
You shoot an arrow. The arrow hits Terence.
Terence is moderately wounded.
Terence hits you with a +2 mace of protection!
Ouch! That really hurt!
You die...
Terence says, "Rest in peace."

# #.# .# # #.# #.#### #
#####.###..... #
#.........# +# #
#.##.#.##.# ... #
#.#.###.#.# .... #
#.##.#..#.# .....
######.###.....###......
............)...@@......
#.########....####......
#.# ###..# ).... #.#
##.# .... #.# #.# ...
#.# #.# +# #.# #.# #.#
#. ..#


You could see Terence.

Vanquished Creatures
  2 dart slugs (D:1)
  2 goblins (D:1)
  3 hobgoblins (D:1)
  3 kobolds
  4 ball pythons (D:1)
  5 bats
  A frilled lizard (D:1)
  A rat (D:1)
21 creatures vanquished.

Notes
Turn   | Place    | Note
-------+----------+-------------------------------------------
     0 | D:1      | qw the Deep Elf Hunter began the quest for the Orb.
     0 | D:1      | Reached XP level 1. HP: 12/12 MP: 3/3
     0 | D:1      | 0 ||| qw: Version: 0.3-a-160-g6735b56
     0 | D:1      | 0 ||| qw: Game counter: 5905
     0 | D:1      | 0 ||| qw: Melee chars always use a shield: true
     0 | D:1      | 0 ||| qw: God list: Okawaru
     0 | D:1      | 0 ||| qw: Allow faded altars: false
     0 | D:1      | 0 ||| qw: Do Orc after clearing Dungeon:15 true
     0 | D:1      | 0 ||| qw: Do second Lair branch before Depths: true
     0 | D:1      | 0 ||| qw: Lair rune preference: random
     0 | D:1      | 0 ||| qw: Goals: Normal
     0 | D:1      | 0 ||| PLANNING D:1-11
    74 | D:1      | Reached XP level 2. HP: 16/16 MP: 4/4
    76 | D:1      | Reached skill level 6 in Ranged Weapons
   392 | D:1      | 392 ||| READING scroll labelled EFFU LOPUI.
   393 | D:1      | 393 ||| READING scroll labelled XYFUS SUCY.
   394 | D:1      | 394 ||| READING 2 scrolls labelled MUTIRYQEDA.
   394 | D:1      | 394 ||| IDENTIFYING scroll labelled BUYGUEFUSH
   395 | D:1      | 395 ||| READING scroll of identify.
   395 | D:1      | 395 ||| IDENTIFYING scroll labelled LEMENO JAESI
   396 | D:1      | 396 ||| READING scroll labelled IFOILY ELUDU.
   397 | D:1      | 397 ||| DROPPING scroll of butterflies.
   398 | D:1      | 398 ||| DROPPING scroll of torment.
   399 | D:1      | 399 ||| Standing still (stuck).
   400 | D:1      | 400 ||| Standing still (stuck).
   401 | D:1      | 401 ||| Standing still (stuck).
   402 | D:1      | 402 ||| Standing still (stuck).
   403 | D:1      | 403 ||| Standing still (stuck).
   404 | D:1      | 404 ||| Standing still (stuck).
   405 | D:1      | 405 ||| Standing still (stuck).
   406 | D:1      | 406 ||| Standing still (stuck).
   407 | D:1      | 407 ||| Standing still (stuck).
   408 | D:1      | 408 ||| Standing still (stuck).
   409 | D:1      | 409 ||| Standing still (stuck).
   465 | D:2      | Noticed Terence
   472 | D:2      | Slain by Terence

Levels and vault maps discovered:
D:1:      evilmike_arrival_plus, layout_rooms
D:2:      layout_loops_corners, grunt_decor_arrowhead, serial_bayou_pond_a,
          uniq_terence, uniq_sigmund

Skill      XL: |  1  2 |
---------------+-------+-----
Ranged Weapons | 6 |  6.6
Fighting       | |  1.5
Dodging        | |  2.4
Stealth        | |  1.2

Action                     || total
---------------------------++-------
   Fire: Shortbow          ||    63
    Use: Scroll            ||     5
 Armour: Leather armour    ||    12
  Dodge: Dodged            ||    14

Table legend:
 A = Non-vault XP
 B = Vault XP
 C = Vault XP percentage of total XP
 D = Non-vault monster count
 E = Vault monster count
 F = Vault count percentage of total count
                 A         B        C        D         E       F
            +---------+---------+-------+---------+---------+-------
      Total |      38 |       0 |   0.0 |      21 |       0 |   0.0
            +---------+---------+-------+---------+---------+-------
        D:1 |      35 |       0 |   0.0 |      19 |       0 |   0.0
        D:2 |       3 |       0 |   0.0 |       2 |       0 |   0.0
            +---------+---------+-------+---------+---------+-------
